 Dungeon Crawl Stone Soup version 0.31.0-10-gcf4a605ca0 (webtiles) character file.

Game seed: 13441120046634418392

647774 ces the Merry Spriggan (level 27, -4/229 HPs)
             Began as a Spriggan Hunter on Jan 26, 2024.
             Was an Initiate of Gozag.
             Killed from afar by an orb of fire (33 damage)
             ... with a fireball
             ... on level 2 of the Realm of Zot.
             The game lasted 06:59:30 (106107 turns).

ces the Merry Spriggan (Spriggan Hunter)          Turns: 106107, Time: 06:59:30

Health: -4/229     AC: 34    Str:  3 (4)  XL:     27
Magic:  36/36      EV:  4    Int: 20      God:    Gozag
Gold:   2792       SH:  5    Dex: 31      Spells: 22/30 levels left

rFire   + . .        a - +9 arbalest (heavy)
rCold   + + .        (shield currently unavailable)
rNeg    + + .        c - melded +0 robe of Tentacled Music {rC++ Dex+3}
rPois   +            e - melded +2 hat
rElec   +            W - melded +1 cloak of Starlight {*Dazzle EV+4 Stlth--}
rCorr   +            (gloves unavailable)
SInv    +            (boots unavailable)
Will    +++++        D - amulet "Avesast" {Reflect rPois Int+3 SH+5}
Stlth   +++++++      H - ring "Laxom" {rN++ rCorr MP+9 Str-4}
HPRegen 0.58/turn    v - ring "Caros" {rC+ Dex+6 Slay+3}
MPRegen 0.25/turn

%: reflection
@: mighty, tree-form, resistant, enlightened, hasted, studying Air Magic, very
quick
A: stationary, stasis, torment immunity, boosted hp, very small, no large
weapons, unfitting armour, see invisible, (speed 3), (horns 1), (talons 2),
clever 1, deterioration 1, frail 1, weak 1, (cold vulnerability 1), inability to
drink after injury 1
}: 4/15 runes: barnacled, slimy, silver, gossamer
a: End Transformation, Renounce Religion, Potion Petition, Call Merchant, Bribe
Branch


You were on level 2 of the Realm of Zot.
You worshipped Gozag.
Gozag was most pleased with you.
You were a tree.
You visited 14 branches of the dungeon, and saw 55 of its levels.

You collected 34884 gold pieces.
You spent 9196 gold pieces at shops.
You paid 22896 gold pieces to Gozag.

Inventory:

Hand Weapons
 a - a +9 heavy arbalest (weapon)
 b - a +9 arbalest of electrocution
 N - the +5 dagger of the Other Side {drain, rCorr Str+5}
   (You bought it in a shop on level 2 of the Orcish Mines)

   Str+5:     It affects your strength (+5).
   rCorr:     It protects you from acid and corrosion.
Missiles
 F - 3 throwing nets
Armour
 c - the +0 robe of Tentacled Music (melded) {rC++ Dex+3}
   (You found it on level 1 of the Spider Nest)

   Dex+3:     It affects your dexterity (+3).
   rC++:      It greatly protects you from cold.
 e - a +2 hat (melded)
 W - the +1 cloak of Starlight (melded) {*Dazzle EV+4 Stlth--}
   (You found it on level 5 of the Vaults)

   *Dazzle:   It may blind those who miss an attack against the wearer in melee
   combat.
   EV+4:      It affects your evasion (+4).
   Stlth--:   It makes you much less stealthy.
Jewellery
 t - a ring of positive energy
 v - the ring "Caros" (right branch) {rC+ Dex+6 Slay+3}
   (You took it off a vault sentinel on level 5 of the Vaults)

   [ring of dexterity]

   Dex+6:     It affects your dexterity (+6).
   Slay+3:    It affects your accuracy & damage with ranged weapons and melee
   (+3).
   rC+:       It protects you from cold.
 A - a ring of positive energy
 D - the amulet "Avesast" (around neck) {Reflect rPois Int+3 SH+5}
   (You bought it in a shop on level 14 of the Dungeon)

   [amulet of reflection]

   Reflect:   It reflects blocked missile attacks.
   Int+3:     It affects your intelligence (+3).
   rPois:     It protects you from poison SH+5: It affects your SH (+5).
 H - the ring "Laxom" (left branch) {rN++ rCorr MP+9 Str-4}
   (You bought it in a shop on level 14 of the Dungeon)

   [ring of magical power]

   Str-4:     It affects your strength (-4).
   rN++:      It greatly protects you from negative energy.
   MP+9:      It affects your magic capacity (+9).
   rCorr:     It protects you from acid and corrosion.
 M - a ring of protection from fire
Wands
 o - a wand of roots (64)
 B - a wand of flame (87)
 G - a wand of polymorph (20)
 P - a wand of light (20)
 S - a wand of digging (18)
 U - a wand of charming (30)
 V - a wand of mindburst (4)
Scrolls
 d - 6 scrolls of teleportation
 j - a scroll of brand weapon
 p - a scroll of blinking
 r - 6 scrolls of fear
 s - a scroll of amnesia
 u - 8 scrolls of enchant armour
 x - 2 scrolls of fog
 y - 6 scrolls of revelation
 L - 4 scrolls of enchant weapon
 O - 5 scrolls of summoning
 R - 3 scrolls of immolation
 X - 4 scrolls of silence
 Y - 4 scrolls of vulnerability
 Z - 2 scrolls of torment
Potions
 f - 13 potions of haste
 g - 35 potions of curing
 h - 4 potions of berserk rage
 i - 7 potions of attraction
 k - 4 potions of cancellation
 l - 3 potions of invisibility
 m - 3 potions of magic
 n - 9 potions of might
 w - 11 potions of enlightenment
 z - 7 potions of lignification
 C - 7 potions of ambrosia
 E - 2 potions of brilliance
Miscellaneous
 I - a phial of floods
 J - a lightning rod (3/4)
 K - a phantom mirror
 Q - a tin of tremorstones (1/2)
 T - a sack of spiders


   Skills:
 * Level 25.6 Fighting
 - Level 6.5 Short Blades
 O Level 27 Ranged Weapons
 - Level 5.2 Armour
 O Level 27 Dodging
 - Level 14.2 Stealth
 - Level 2.0 Spellcasting
 - Level 6.0 Translocations
 + Level 22.9 Evocations


You had 22 spell levels left.
You knew the following spells:

 Your Spells              Type           Power      Damage    Failure   Level
a - Apportation           Tloc           52%        N/A       1%          1
b - Necrotise             Necr           8%         1d4       16%         1
c - Blink                 Tloc           52%        N/A       1%          2
d - Lesser Beckoning      Tloc           52%        N/A       1%          2
e - Ensorcelled Hibernat  Hex/Ice        4%         N/A       24%         2

Your spell library contained the following spells:

 Spells                   Type           Power      Damage    Failure   Level
 Gell's Gravitas          Tloc           26%        N/A       4%          3
 Teleport Other           Tloc           26%        N/A       4%          3
 Momentum Strike          Conj/Tloc      28%        3d8       7%          2
 Manifold Assault         Tloc           26%        N/A       13%         4
 Passage of Golubria      Tloc           26%        N/A       13%         4
 Volatile Blastmotes      Fire/Tloc      28%        2d12      14%         3
 Foxfire                  Conj/Fire      8%         2x1d4     16%         1
 Freeze                   Ice            8%         1d3       16%         1
 Magic Dart               Conj           8%         1d3       16%         1
 Shock                    Conj/Air       8%         1d3       16%         1
 Sting                    Conj/Alch      8%         1d3       16%         1
 Summon Small Mammal      Summ           8%         N/A       16%         1
 Call Imp                 Summ           4%         N/A       24%         2
 Cigotuvi's Dreadful Rot  Necr/Alch/Air  4%         N/A       24%         2
 Scorch                   Fire           4%         2d5       24%         2
 Static Discharge         Conj/Air       4%         3-4/arc   24%         2
 Sublimation of Blood     Necr           2%         N/A       24%         2
 Dimensional Bullseye     Hex/Tloc       7%         N/A       41%         4
 Iskenderun's Mystic Bla  Conj/Tloc      14%        2d5       41%         4
 Call Canine Familiar     Summ           2%         N/A       43%         3
 Confusing Touch          Hex            2%         N/A       43%         3
 Frozen Ramparts          Ice            4%         1d1       43%         3
 Fugue of the Fallen      Necr           2%         N/A       43%         3
 Hailstorm                Conj/Ice       2%         3d5       43%         3
 Inner Flame              Hex/Fire       2%         N/A       43%         3
 Ozocubu's Armour         Ice            2%         N/A       43%         3
 Swiftness                Air            2%         N/A       43%         3
 Tukima's Dance           Hex            2%         N/A       43%         3
 Vampiric Draining        Necr           2%         2d6       43%         3
 Summon Forest            Summ/Tloc      7%         N/A       77%         5
 Airstrike                Air            1%         2d(1-17)  83%         4
 Dispel Undead            Necr           2%         3d7       83%         4
 Flame Wave               Conj/Fire      2%         2d4       83%         4
 Fulminant Prism          Conj/Alch      1%         3d5       83%         4
 Ignite Poison            Fire/Alch      2%         N/A       83%         4
 Leda's Liquefaction      Alch/Erth      1%         N/A       83%         4
 Martyr's Knell           Necr/Summ      2%         N/A       83%         4
 Olgreb's Toxic Radiance  Alch           2%         N/A       83%         4
 Petrify                  Alch/Erth      2%         N/A       83%         4
 Summon Blazeheart Golem  Fire/Summ      2%         N/A       83%         4
 Summon Lightning Spire   Summ/Air       2%         N/A       83%         4
 Dispersal                Tloc           13%        N/A       90%         6
 Alistair's Intoxication  Alch           1%         N/A       99%         5
 Borgnjor's Vile Clutch   Necr/Erth      1%         N/A       99%         5
 Curse of Agony           Necr           2%         N/A       99%         5
 Freezing Cloud           Conj/Ice/Air   1%         6-21      99%         5
 Irradiate                Conj/Alch      1%         3d12      99%         5
 Iskenderun's Battlesphe  Conj           2%         2d6       99%         5
 Metabolic Englaciation   Hex/Ice        1%         N/A       99%         5
 Summon Mana Viper        Hex/Summ       2%         N/A       99%         5
 Yara's Violent Unravell  Hex/Alch       1%         3d3       99%         5
 Bombard                  Conj/Erth      1%         9d1       100%        6
 Conjure Ball Lightning   Conj/Air       1%         3x3d6     100%        6
 Death Channel            Necr           1%         N/A       100%        6
 Eringya's Noxious Bog    Alch           1%         4d6       100%        6
 Plasma Beam              Fire/Air       1%         2x1d11    100%        6
 Sculpt Simulacrum        Ice/Alch       1%         N/A       100%        6
 Starburst                Conj/Fire      1%         6d3       100%        6
 Summon Cactus Giant      Summ           1%         N/A       100%        6
 Haunt                    Necr/Summ      1%         N/A       100%        7
 Malign Gateway           Summ/Tloc      7%         N/A       100%        7
 Ozocubu's Refrigeration  Ice            1%         4d7       100%        7
 Spellforged Servitor     Conj/Summ      1%         N/A       100%        7
 Summon Hydra             Summ           1%         N/A       100%        7
 Borgnjor's Revivificati  Necr           1%         N/A       100%        8
 Discord                  Hex            1%         N/A       100%        8
 Disjunction              Tloc           13%        N/A       100%        8
 Ignition                 Fire           1%         3d3       100%        8
 Infestation              Necr           1%         N/A       100%        8
 Summon Horrible Things   Summ           1%         N/A       100%        8
 Death's Door             Necr           1%         N/A       100%        9
 Dragon's Call            Summ           1%         N/A       100%        9
 Fire Storm               Conj/Fire      1%         7d1       100%        9
 Polar Vortex             Ice            1%         N/A       100%        9
 Animate Dead             Necr           Unusable   N/A       N/A         4

Dungeon Overview and Level Annotations

Branches:
Dungeon (15/15)            Temple (1/1) D:6            Lair (5/5) D:11
 Shoals (4/4) Lair:2       Spider (4/4) Lair:3        Slime (5/5) Lair:5
    Orc (2/2) D:11            Elf (3/3) Orc:2        Vaults (5/5) D:13
  Crypt (3/3) Vaults:2       Tomb (1/3) Crypt:3      Depths (4/4) D:15
   Hell (visited)             Dis (0/7) Hell            Geh (0/7) Hell
    Coc (0/7) Hell            Tar (0/7) Hell            Zot (2/5) Depths:4

Altars:
Ashenzari
Cheibriados
Dithmenos
Elyvilon
Fedhas
Gozag
Hepliaklqana
Kikubaaqudgha
Makhleb
Nemelex Xobeh
Okawaru
Qazlal
Ru
Sif Muna
Trog
Uskayaw
Vehumet
Wu Jian
Xom
Yredelemnul
Zin
The Shining One
Jiyva

Shops:
D:1 ((*(*   D:5 !   D:8 =   D:14 =   D:15 *(   Orc:1 =[(   Orc:2 **([[
Elf:3 (=   Spider:4 *   Vaults:2 !   Vaults:4 (   Crypt:3 (   Zot:1 *?
Depths:1 (!*   Depths:4 [

Portals:
Hell: Depths:1 Depths:2 Depths:3 Depths:4
Abyss: Depths:3
Pandemonium: Depths:1 Depths:2
Ziggurat: Depths:3

Annotations:
D:6 Duvessa
D:8 Harold
Vaults:3 Mara
Depths:4 5 runed translucent doors


Innate Abilities, Weirdness & Mutations

You are a tree.
Your roots penetrate the ground, keeping you stationary.
You cannot be teleported.
You are immune to unholy pain and torment.
Your maximum health is greatly increased.
Your equipment is partially melded.
You are very small and have problems with some larger weapons.
You are too small for most types of armour.
You have supernaturally acute eyesight. (SInv)
((You cover ground extremely quickly. (Speed+++)))
((You have a pair of small horns on your head.))
((You have razor-sharp toenails.))
Your mind is acute. (Int +4, Str/Dex -1)
Your body sometimes deteriorates upon taking damage.
You are frail. (-10% HP)
You are weak. (Str -2)
((You are vulnerable to cold. (rC-)))
You occasionally lose the ability to drink potions when taking damage.


Message History

The fireball engulfs the orb of fire.
The orb of fire completely resists.
Fire: a) +9 arbalest (heavy)
Press: ? - help, Q - select action, (/) - cycle Shift-Dir - straight line, f/p - orb of fire
Aim: an orb of fire (almost destroyed, 68% to hit)
You shoot a bolt. The bolt hits the orb of fire!!
The orb of fire is almost destroyed.
The orb of fire glows red.
The fireball explodes!
The fireball engulfs you!! You resist.
* * * LOW HITPOINT WARNING * * *
The fireball engulfs the orb of fire.
The orb of fire completely resists.
Fire: a) +9 arbalest (heavy)
Press: ? - help, Q - select action, (/) - cycle Shift-Dir - straight line, f/p - orb of fire
Aim: an orb of fire (almost destroyed, 68% to hit)
You shoot a bolt.
The bolt closely misses the orb of fire.
The orb of fire glows red.
The fireball explodes!
The fireball engulfs you!!! You resist.
* * * LOW HITPOINT WARNING * * *
Your body deteriorates!
You feel weakened.
The fireball engulfs the orb of fire.
The orb of fire completely resists.
Okay, then. [a] - 280 gold - resistance [b] - 250 gold - resistance [c] - 625 gold - haste, resistance and enlightenment Purchase which effect?
You no longer have enough gold to bribe branches to halt enemies' attacks and recruit allies.
You feel yourself speed up.
You feel protected.
Your roots keep you in place.
A tentacled monstrosity comes into view. [a] - 252 gold - brilliance and magic [b] - 330 gold - curing, magic and brilliance [c] - 145 gold - heal wounds Purchase which effect?
You no longer have enough gold to fund merchants seeking to open stores in the dungeon.
You feel much better.
The orb of fire glows bright magenta.
The fireball explodes!
The fireball engulfs you!! You resist.
You die...
Your body crumbles into a pile of gold.

##..##.# #..##..# ###....#
## ###### ######......# ##
..... ###....#..### . ##.#
....##.##..#..## ..#...#
####..#...#....#### .......
##>###.........###.#
......###...###♣......###..#
#..........*..#...## #.##
...#...........#...## #.#
#.....##...##.....## ##.#
### ##.....##.##X....####
#..###.#
##.....###.....###.#
#..##.##
##...........###.####..##.#
##..#..#####....# #.....##
##...## ###..###....##


You could see an orb of fire and a tentacled monstrosity.

Vanquished Creatures
  4 dread liches
  7 ancient liches
  A juggernaut (Depths:3)
  Josephina (Depths:2)
  2 royal mummies (Tomb:1)
  Geryon (Hell)
  4 golden dragons
  Nikola (Depths:2)
  Jory (Vaults:4)
  Norris (Depths:3)
  The ghost of vegansnacktivist the Executioner, an adept DDFi of Makhleb (Vaults:4)
  A shard shrike zombie (Crypt:3)
  An electric golem (Zot:1)
  3 hellephants
  Jorgrun (Spider:1)
  3 walking crystal tomes
  11 tentacled monstrosities
  A shard shrike skeleton (Crypt:3)
  4 liches
  5 titans
  3 deep elf blademasters
  2 deep elf master archers
  The ghost of Vuykkinei the Brawler, an adept TrBe of Trog (Spider:1)
  3 ancient champions
  Frances (Shoals:1)
  17 acid blobs
  3 death cobs (Zot:1)
  14 sphinxes
  Polyphemus (Shoals:2)
  6 shadow dragons
  Donald (Shoals:1)
  The ghost of sangerfol the Warrior, an adept FoFi of Hepliaklqana (Shoals:1)
  7 revenants
  8 storm dragons
  Kirke (Spider:1)
  Roxanne (Spider:2)
  The ghost of benadryl the Devastator, a journeyman DrAl of Vehumet (Shoals:3)
  Aizul (Spider:3)
  8 tengu reavers
  13 azure jellies
  6 iron dragons
  3 draconian monks
  14 frost giants
  7 fire giants
  9 rockslimes
  A draconian knight (Zot:2)
  A draconian stormcaller (Zot:2)
  A draconian shifter (Zot:1)
  26 vault wardens
  6 deep elf sorcerers
  Louise (Shoals:1)
  5 reapers (Hell)
  3 emperor scorpions
  5 ghost moths
  6 curse skulls
  2 draconian scorchers
  3 deep elf elementalists (Elf:3)
  A balrug (Depths:4)
  2 ghouls
  24 ironbound preservers
  2 spectral caustic shrikes (Depths:2)
  7 quicksilver oozes
  5 spriggan defenders
  2 draconian annihilators
  20 stone giants
  2 broodmothers (Spider:4)
  10 ironbound thunderhulks
  2 formless jellyfish
  8 deep elf annihilators
  8 deep elf demonologists
  6 green draconians (Depths:4)
  16 vampire knights
  2 black draconians
  6 deep elf death magi
  6 war gargoyles
  26 very ugly things
  Azrael (Elf:1)
  4 bennus (Tomb:1)
  3 red draconians
  4 white draconians
  4 yellow draconians
  3 dire elephants (Vaults:2)
  10 spark wasps
  10 ettins
  5 purple draconians
  3 eidola
  12 merfolk impalers
  2 crystal guardians (Vaults:3)
  2 green deaths
  3 deep elf high priests
  8 entropy weavers
  4 blizzard demons
  A quicksilver dragon zombie (Crypt:3)
  6 mummy priests (Tomb:1)
  10 jiangshi
  4 merfolk javelineers
  8 great orbs of eyes
  The ghost of Esekla the Thaumaturge, a journeyman VSCA of Ignis (Lair:4)
  4 hydras
  16 ice dragons
  10 fire dragons
  3 spriggan zombies (Crypt:3)
  42 vault guards
  6 yaktaur captains
  3 spriggan air magi
  6 rakshasas
  A fenstrider witch zombie (Crypt:3)
  7 ironbound frosthearts
  6 jorogumos
  4 peacekeepers
  4 merfolk avatars
  A catoblepas (Shoals:2)
  8 ogre magi
  4 radroaches
  2 satyrs
  28 dancing weapons
  2 alligator snapping turtles
  2 merfolk aquamancers
  18 death yaks
  11 centaur warriors
  4 deep troll shamans
  A stoker (Hell)
  6 death knights
  6 boulder beetles
  7 deep troll earth magi
  21 two-headed ogres
  10 demonic crawlers
  13 hell hogs
  18 death scarabs
  2 titan zombies (Tomb:1)
  3 spriggan berserkers
  An orc high priest (Elf:3)
  8 occultists
  6 vampire magi
  7 tengu warriors
  4 storm dragon zombies
  4 sun demons (Depths:4)
  10 hell knights
  A spectral emperor scorpion (Spider:4)
  22 deep elf knights
  3 soul eaters
  2 sixfirhies (Depths:1)
  6 skysharks
  7 pharaoh ants
  2 spectral merfolk (Shoals:1)
  9 iron trolls
  A death drake (shapeshifter) (D:13)
  3 shadow wraiths
  27 skeletal warriors
  13 sea snakes
  2 sun moths
  8 flayed ghosts
  A bunyip zombie (Crypt:3)
  A glowing orange brain (shapeshifter) (Depths:1)
  2 golden dragon zombies (Crypt:3)
  An anaconda zombie (Crypt:1)
  A deep troll (shapeshifter) (Depths:3)
  59 deep trolls
  10 deep elf archers
  3 glowing orange brains
  6 arcanists
  A spriggan simulacrum (Depths:2)
  5 orb spiders
  A golden dragon skeleton (Depths:1)
  15 lindwurms
  3 spectral wolf spiders (Spider:4)
  An orb spider (shapeshifter) (Vaults:5)
  6 steelbarb worms
  34 ironbound convokers
  Pikel (D:7)
  15 phantasmal warriors
  An anaconda skeleton (Hell)
  22 wolf spiders
  14 orc knights
  40 harpies
  A shadow dragon skeleton (Crypt:1)
  3 oklob plants
  A sphinx simulacrum (Depths:2)
  A wolf spider zombie (Spider:4)
  5 necromancers
  A broodmother zombie (Spider:4)
  A salamander (Depths:1)
  An alligator zombie (Hell)
  41 deep elf pyromancers
  25 deep elf zephyrmancers
  36 ugly things
  14 fauns
  13 cyclopes
  13 manticores
  12 merfolk sirens
  25 vault sentinels
  7 shining eyes
  A black mamba (shapeshifter) (D:12)
  A goliath frog skeleton (Crypt:1)
  3 meliai (Spider:4)
  10 moths of wrath
  A titan simulacrum (Depths:2)
  4 ice statues
  22 elephants
  5 rust devils
  A stone giant skeleton (Crypt:3)
  12 water nymphs
  4 kobold blastminers
  A guardian serpent (Lair:5)
  74 slime creatures
  14 black mambas
  4 smoke demons
  13 torpor snails
  18 cane toads
  A spectral sea snake (Shoals:1)
  6 eyes of devastation
  7 spectral redbacks (Spider:4)
  2 gargoyles
  2 unseen horrors
  4 rime drakes
  An efreet (D:11)
  A centaur skeleton (Crypt:3)
  2 sea snake zombies (Hell)
  10 freezing wraiths
  7 komodo dragons
  2 redback zombies
  34 yaktaurs
  A kobold demonologist (D:11)
  A spark wasp simulacrum (Depths:2)
  22 merfolk
  An alligator snapping turtle skeleton (Crypt:1)
  A tengu conjurer (Depths:2)
  An unseen horror skeleton (Crypt:1)
  7 guardian mummies (Tomb:1)
  A spectral harpy (Shoals:1)
  A yellow draconian skeleton (Crypt:2)
  A harpy zombie (Crypt:3)
  5 trolls
  31 tarantellas
  2 alligator simulacra (Hell)
  2 polar bears (Lair:5)
  10 wind drakes
  2 spectral tarantellas (Spider:4)
  16 hornets
  A queen bee (shapeshifter) (Elf:3)
  A polar bear (shapeshifter) (D:14)
  A raiju (shapeshifter) (D:14)
  3 blink frogs (Lair:2)
  A jumping spider zombie (Spider:4)
  3 tyrant leeches (Lair:5)
  A harpy skeleton (Tomb:1)
  3 hydra skeletons
  A meliai (shapeshifter) (Vaults:5)
  10 snapping turtles
  11 dream sheep
  Prince Ribbit (D:7)
  2 glass eyes
  A glass eye (shapeshifter) (Vaults:4)
  2 meliai zombies (Crypt:2)
  2 spectral culicivoras (Spider:4)
  A spectral jumping spider (Spider:4)
  A fire dragon zombie (Crypt:3)
  34 jumping spiders
  16 culicivoras
  2 fire giant simulacra
  30 water elementals
  10 air elementals
  7 spriggans
  A spriggan (shapeshifter) (D:11)
  2 shadows
  18 wyverns
  3 basilisks
  26 vampires
  8 wraiths
  A slime creature zombie (Crypt:2)
  2 humans (shapeshifter)
  89 yaks
  An ushabti (Tomb:1)
  6 hogs (Spider:1)
  9 fire elementals
  A black mamba skeleton (Crypt:1)
  2 steam dragons
  13 golden eyes
  57 redbacks
  5 vampire mosquitoes
  10 wargs
  A naga zombie (Crypt:3)
  Menkaure (D:6)
  A naga (shapeshifter) (D:15)
  A swamp worm (shapeshifter) (Depths:4)
  An acid dragon (D:12)
  28 water moccasins
  An entropy weaver zombie (Crypt:1)
  A glowing shapeshifter skeleton (Crypt:3)
  5 hell hounds
  A meliai simulacrum (D:15)
  An ice beast (D:8)
  5 black bears
  8 laughing skulls
  30 orc warriors
  2 ice beasts (shapeshifter)
  A sky beast (D:8)
  A snapping turtle zombie (Crypt:2)
  12 ogres
  6 centaurs
  A hog zombie (Crypt:3)
  13 boggarts
  15 wolves
  3 kobold brigands
  A phantom (D:5)
  A rime drake skeleton (Crypt:2)
  A hog skeleton (Crypt:3)
  A weeping skull (D:10)
  11 bullfrogs
  3 necrophages (Crypt:3)
  2 earth elementals
  A scorpion (D:5)
  A merfolk simulacrum (Shoals:1)
  A water nymph simulacrum (Shoals:1)
  6 wights
  Dowan (D:6)
  A water moccasin skeleton (Crypt:2)
  15 killer bees
  A snapping turtle simulacrum (Shoals:1)
  A polar bear skeleton (Crypt:1)
  An electric eel (Lair:5)
  5 howler monkeys
  A jelly (D:5)
  A centaur zombie (Crypt:2)
  A hound (D:5)
  19 orc priests
  4 bombardier beetles
  Crazy Yiuf (D:6)
  3 iguanas (D:5)
  A sleepcap (D:5)
  22 orc wizards
  13 hell rats
  A boggart skeleton (Crypt:1)
  A sky beast zombie (Crypt:3)
  7 mummies (Tomb:1)
  A gnoll (D:1)
  5 adders
  A shadow imp (D:7)
  A white imp (D:6)
  6 ufetubi
  A jelly zombie (Crypt:3)
  2 ribbon worms (D:3)
  6 dart slugs
  92 orcs
  7 bats
  7 endoplasms
  9 giant cockroaches
  A gnoll zombie (Crypt:1)
  8 hobgoblins
  13 jackals
  4 quokkas
  8 ball pythons
  5 frilled lizards
  14 goblins
  16 kobolds
  13 rats
  A spectral orc (D:10)
  A butterfly (Lair:4)
2638 creatures vanquished.

Vanquished Creatures (collateral kills)
  the Royal Jelly (Slime:5)
  A dread lich (Crypt:3)
  A lich (Vaults:4)
  A tentacled monstrosity (Vaults:5)
  A titan (Shoals:4)
  A sphinx (Vaults:5)
  An ancient champion (Crypt:2)
  A tengu reaver (Depths:3)
  A rockslime (Slime:4)
  An azure jelly (Slime:4)
  A vault warden (Vaults:5)
  A curse skull (Vaults:2)
  A deep elf elementalist (Elf:3)
  An ironbound preserver (Vaults:5)
  A quicksilver ooze (Slime:5)
  A very ugly thing (Depths:4)
  A stone giant (Depths:2)
  An ettin (Depths:2)
  A jiangshi (Vaults:2)
  A fire dragon (Depths:2)
  3 spriggan air magi
  A deep troll shaman (Depths:1)
  A hell knight (Depths:1)
  A deep elf knight (Elf:2)
  A deep elf archer (Elf:1)
  A steelbarb worm (Spider:1)
  2 deep elf zephyrmancers (Elf:2)
  A deep elf pyromancer (Elf:2)
  2 orc knights (Vaults:1)
  A wolf spider (Spider:4)
  A merfolk siren (Shoals:4)
  A vault sentinel (Vaults:5)
  A yaktaur (Vaults:5)
  A wind drake (Shoals:4)
  A jumping spider (Spider:2)
  A culicivora (Spider:2)
  A fire elemental (Elf:2)
  A redback (Spider:2)
  3 orc warriors (Vaults:1)
  An orc (Vaults:1)
46 creatures vanquished.

Vanquished Creatures (others)
  A deep elf sorcerer (Elf:3)
  2 very ugly things (Depths:3)
  A quicksilver ooze (Slime:5)
  A deep troll earth mage (Depths:2)
  A hell knight (Depths:1)
  A deep elf zephyrmancer (Elf:3)
  A wolf spider (Spider:2)
  A slime creature (Slime:2)
  A butterfly (Depths:3)
  A creeping inferno (Depths:4)
11 creatures vanquished.

Grand Total: 2695 creatures vanquished

Notes
Turn   | Place    | Note
-------+----------+-------------------------------------------
     0 | D:1      | ces the Spriggan Hunter began the quest for the Orb.
     0 | D:1      | Reached XP level 1. HP: 10/10 MP: 2/2
    87 | D:1      | Reached XP level 2. HP: 10/14 MP: 3/3
   169 | D:1      | Found Vinir's Assorted Antiques.
   328 | D:1      | Found Mekump's Weapon Shoppe.
   342 | D:1      | Reached XP level 3. HP: 18/18 MP: 4/4
   393 | D:1      | Found Wopawnel's Weapon Shop.
   476 | D:1      | Found Neosmaes's Assorted Antiques.
   493 | D:1      | Found Eziujilu's Antique Weapon Boutique.
  1136 | D:2      | Found a shimmering blue altar of Sif Muna.
  1647 | D:3      | Reached XP level 4. HP: 22/22 MP: 5/5
  2123 | D:3      | Found a faded altar of an unknown god.
  2332 | D:4      | Noticed a sky beast
  2892 | D:4      | Reached skill level 5 in Ranged Weapons
  2978 | D:4      | Found a snail-covered altar of Cheibriados.
  3028 | D:4      | Reached XP level 5. HP: 25/25 MP: 6/6
  3201 | D:4      | Reached skill level 5 in Stealth
  3284 | D:4      | Noticed an ogre
  3328 | D:4      | Killed an ogre
  3542 | D:4      | Reached XP level 6. HP: 30/30 MP: 7/7
  3789 | D:4      | Found a radiant altar of Vehumet.
  4080 | D:5      | Entered Level 5 of the Dungeon
  4235 | D:5      | Reached skill level 5 in Dodging
  4286 | D:5      | Reached XP level 7. HP: 33/33 MP: 8/8
  4298 | D:5      | Reached skill level 1 in Short Blades
  4898 | D:5      | Found Iphoap's Distillery.
  4998 | D:1      | Bought a runed arbalest for 202 gold pieces
  5006 | D:1      | Learned a level 1 spell: Apportation
  5269 | D:5      | Reached XP level 8. HP: 37/37 MP: 9/9
  5679 | D:6      | Found an iron altar of Okawaru.
  5700 | D:6      | Noticed Duvessa
  5700 | D:6      | Noticed Dowan
  5851 | D:6      | Killed Dowan
  5960 | D:6      | Found a shadowy altar of Dithmenos.
  6082 | D:6      | Found a staircase to the Ecumenical Temple.
  6220 | Temple   | Entered the Ecumenical Temple
  6232 | Temple   | Became a worshipper of Gozag Ym Sagoz the Greedy
  6317 | D:6      | Noticed Menkaure
  6686 | D:6      | Found a runed translucent door.
  6687 | D:6      | Noticed Crazy Yiuf
  7005 | D:7      | Found a stormy altar of Qazlal.
  7215 | D:6      | Reached XP level 9. HP: 41/41 MP: 10/10
  7242 | D:6      | Killed Menkaure
  7301 | D:6      | Killed Crazy Yiuf
  7375 | D:7      | Reached skill level 10 in Ranged Weapons
  7488 | D:7      | Noticed Prince Ribbit
  7491 | D:7      | Killed Prince Ribbit
  7557 | D:7      | Noticed Pikel
  7573 | D:7      | Killed Pikel
  7816 | D:8      | Noticed a two-headed ogre
  7831 | D:8      | Killed a two-headed ogre
  8038 | D:8      | Reached XP level 10. HP: 46/46 MP: 11/11
  8230 | D:8      | Found a broken altar of Ashenzari.
  8366 | D:8      | Found Xuher's Jewellery Shoppe.
  8589 | D:1      | Bought a dented garnet amulet for 135 gold pieces
  8589 | D:1      | Bought a metallic silvery potion for 24 gold pieces
  8837 | D:8      | Found a hide-covered altar of Uskayaw.
  9031 | D:8      | Reached skill level 10 in Dodging
  9472 | D:9      | Noticed Harold
 10019 | D:10     | Entered Level 10 of the Dungeon
 10292 | D:10     | Noticed a two-headed ogre
 10296 | D:10     | Killed a two-headed ogre
 10297 | D:10     | Reached XP level 11. HP: 50/50 MP: 12/12
 10877 | D:10     | Learned a level 1 spell: Necrotise
 10951 | D:10     | Found a basalt altar of Yredelemnul.
 11037 | D:11     | Noticed a two-headed ogre
 11068 | D:10     | Killed a two-headed ogre
 11192 | D:11     | Noticed a two-headed ogre
 11217 | D:11     | Killed a two-headed ogre
 11369 | D:11     | Noticed a red ugly thing
 11411 | D:11     | Killed a red ugly thing
 11468 | D:11     | Found a staircase to the Lair.
 11528 | D:11     | Found a staircase to the Orcish Mines.
 11779 | D:11     | Found a sacrificial altar of Ru.
 11923 | D:11     | Noticed a two-headed ogre
 11932 | D:11     | Killed a two-headed ogre
 11933 | D:11     | Reached skill level 15 in Ranged Weapons
 11933 | D:11     | Reached skill level 1 in Evocations
 11965 | D:11     | Noticed a boulder beetle
 12022 | Orc:1    | Entered Level 1 of the Orcish Mines
 12185 | D:12     | Noticed a deep elf pyromancer
 12367 | D:11     | Killed a boulder beetle
 12427 | D:11     | Noticed a purple ugly thing
 12439 | D:11     | Killed a purple ugly thing
 12471 | D:11     | Reached XP level 12. HP: 58/58 MP: 13/13
 12579 | D:11     | Noticed a boulder beetle
 12707 | D:11     | Gained mutation: You occasionally shout uncontrollably at
                  | your foes. [potion of mutation]
 12707 | D:11     | Gained mutation: Your body sometimes deteriorates upon
                  | taking damage. [potion of mutation]
 12707 | D:11     | Gained mutation: You are resistant to electric shocks.
                  | (rElec) [potion of mutation]
 12707 | D:11     | Gained mutation: Your system is resistant to poisons.
                  | (rPois) [potion of mutation]
 12708 | D:11     | Lost mutation: Your system is resistant to poisons. (rPois)
                  | [potion of mutation]
 12708 | D:11     | Lost mutation: You are resistant to electric shocks.
                  | (rElec) [potion of mutation]
 12708 | D:11     | Lost mutation: Your body sometimes deteriorates upon taking
                  | damage. [potion of mutation]
 12708 | D:11     | Gained mutation: You are somewhat resistant to further
                  | mutation. [potion of mutation]
 12710 | Lair:1   | Entered Level 1 of the Lair of Beasts
 13574 | D:12     | Noticed a two-headed ogre
 13578 | D:12     | Killed a two-headed ogre
 13717 | D:12     | Reached skill level 5 in Fighting
 13727 | D:12     | Reached skill level 5 in Evocations
 14101 | D:13     | Noticed a two-headed ogre
 14101 | D:13     | Noticed a boulder beetle
 14127 | D:13     | Noticed a two-headed ogre
 14136 | D:13     | Killed a two-headed ogre
 14138 | D:13     | Noticed a seven-headed hydra
 15105 | D:11     | Killed a boulder beetle
 15143 | D:11     | Identified the staff of the Revolution {Will+ Conj Summ
                  | Earth}
 15306 | Orc:1    | Found Gyll's Antique Armour Shoppe.
 15331 | Orc:1    | Found Rayl's Jewellery Shoppe.
 15390 | Orc:1    | Bought a ring of protection from fire for 450 gold pieces
 15418 | Orc:1    | Noticed a two-headed ogre
 15422 | Orc:1    | Killed a two-headed ogre
 15423 | Orc:1    | Reached skill level 10 in Stealth
 15429 | Orc:1    | Found Voerghe's Weapon Shoppe.
 15498 | Orc:2    | Entered Level 2 of the Orcish Mines
 15543 | Orc:2    | Reached XP level 13. HP: 63/65 MP: 14/14
 15717 | Orc:2    | Found a staircase to the Elven Halls.
 15768 | Orc:2    | Reached skill level 15 in Dodging
 15819 | Orc:2    | Found Duafomm's Armour Boutique.
 16188 | Orc:2    | Found Vitih's Assorted Antiques.
 16196 | Orc:2    | Bought a faintly glowing glass ring for 170 gold pieces
 16196 | Orc:2    | Identified the ring of Dishonesty {rCorr MP+9} (You bought
                  | it in a shop on level 2 of the Orcish Mines)
 16196 | Orc:2    | Bought a scroll labelled BENONT SYSIAH for 34 gold pieces
 16196 | Orc:2    | Bought a glowing brass wand for 136 gold pieces
 16599 | Orc:2    | Bought a potion of mutation for 200 gold pieces
 16599 | Orc:2    | Bought 2 potions of mutation for 400 gold pieces
 16602 | Orc:2    | Bought a crystal dagger for 210 gold pieces
 16602 | Orc:2    | Identified the +5 dagger of the Other Side {drain, rCorr
                  | Str+5} (You bought it in a shop on level 2 of the Orcish
                  | Mines)
 16835 | Orc:2    | Found Xiriji's Antique Armour Shop.
 17732 | Lair:1   | Reached XP level 14. HP: 72/72 MP: 15/15
 17964 | Lair:1   | Found an opulent altar of Gozag.
 18561 | Lair:2   | Found a staircase to the Shoals.
 20558 | Lair:3   | Found a shimmering altar of Xom.
 20656 | Lair:3   | Found a hole to the Spider Nest.
 21576 | Lair:3   | Reached skill level 10 in Evocations
 21800 | D:8      | Bought an amulet of guardian spirit for 390 gold pieces
 22152 | Spider:1 | Entered Level 1 of the Spider Nest
 22232 | Spider:1 | Identified the +0 robe of Tentacled Music {rC++ Dex+3}
 22318 | Spider:1 | Reached XP level 15. HP: 77/77 MP: 16/16
 23936 | Spider:1 | Noticed Jorgrun
 23998 | Spider:2 | Noticed Roxanne
 24162 | Spider:1 | Noticed Vuykkinei's ghost (adept TrBe)
 24165 | Spider:1 | Found a runed translucent door.
 24547 | Spider:1 | Noticed Kirke
 24668 | Spider:1 | Killed Kirke
 24809 | Spider:1 | Killed Jorgrun
 24810 | Spider:1 | Reached skill level 5 in Short Blades
 25551 | Orc:2    | Lost mutation: You occasionally shout uncontrollably at
                  | your foes. [potion of mutation]
 25551 | Orc:2    | Lost mutation: You are somewhat resistant to further
                  | mutation. [potion of mutation]
 25551 | Orc:2    | Gained mutation: You occasionally lose the ability to drink
                  | potions when taking damage. [potion of mutation]
 25552 | Orc:2    | Lost mutation: You occasionally lose the ability to drink
                  | potions when taking damage. [potion of mutation]
 25552 | Orc:2    | Gained mutation: You have a pair of small antennae on your
                  | head. [potion of mutation]
 25552 | Orc:2    | Gained mutation: Your spells are a little easier to cast,
                  | but a little less powerful. [potion of mutation]
 25552 | Orc:2    | Gained mutation: You sometimes lose your temper in combat.
                  | [potion of mutation]
 25552 | Orc:2    | Gained mutation: You have hidden genetic potential. [potion
                  | of mutation]
 25553 | Orc:2    | Lost mutation: Your spells are a little easier to cast, but
                  | a little less powerful. [potion of mutation]
 25553 | Orc:2    | Lost mutation: You have a pair of small antennae on your
                  | head. [potion of mutation]
 25553 | Orc:2    | Lost mutation: You have hidden genetic potential. [potion
                  | of mutation]
 25553 | Orc:2    | Gained mutation: Your body sometimes deteriorates upon
                  | taking damage. [potion of mutation]
 25554 | Orc:2    | Lost mutation: Your body sometimes deteriorates upon taking
                  | damage. [potion of mutation]
 25554 | Orc:2    | Lost mutation: You sometimes lose your temper in combat.
                  | [potion of mutation]
 25554 | Orc:2    | Gained mutation: You possess an exceptional clarity of
                  | mind. [potion of mutation]
 25554 | Orc:2    | Gained mutation: You are agile. (Dex +4, Str/Int -1)
                  | [potion of mutation]
 25812 | Lair:4   | Found a blossoming altar of Fedhas.
 26091 | Lair:4   | Found a runed translucent gate.
 26092 | Lair:4   | Found a runed translucent gate.
 26093 | Lair:4   | Found a runed translucent gate.
 26356 | Lair:4   | Noticed Esekla's ghost (journeyman VSCA)
 26365 | Lair:4   | Killed Esekla's ghost
 26474 | Lair:5   | Entered Level 5 of the Lair of Beasts
 26931 | Lair:5   | Found a staircase to the Slime Pits.
 26942 | Lair:5   | Reached XP level 16. HP: 84/84 MP: 17/17
 27691 | Lair:5   | Reached skill level 10 in Fighting
 31020 | Spider:3 | Identified the serpent talisman "Baikipeh" {rN+}
 31020 | Spider:3 | Noticed Aizul
 31030 | Spider:3 | Killed Aizul
 31591 | Spider:4 | Entered Level 4 of the Spider Nest
 31777 | Spider:3 | Reached XP level 17. HP: 78/91 MP: 18/18
 32302 | D:13     | Found a gate to the Vaults.
 32636 | D:14     | Found Itoybog's Jewellery Emporium.
 32673 | D:14     | Bought the amulet "Avesast" {Reflect rPois Int+3 SH+5} for
                  | 522 gold pieces
 32687 | D:14     | Bought the ring "Laxom" {rN++ rCorr MP+9 Str-4} for 381
                  | gold pieces
 33759 | D:15     | Entered Level 15 of the Dungeon
 34257 | D:15     | Found Cuckedghy's Antique Weapon Shop.
 34265 | D:15     | Bought a pitted sling for 123 gold pieces
 34265 | D:15     | Identified the +7 sling "Foto" {heavy, ^Contam rC- Dex+9}
                  | (You bought it in a shop on level 15 of the Dungeon)
 34607 | Elf:1    | Entered Level 1 of the Elven Halls
 34613 | Orc:2    | Gained mutation: Your magical capacity is low. (-10% MP)
                  | [mutagenic glow]
 34722 | Shoals:1 | Entered Level 1 of the Shoals
 35884 | Elf:1    | Noticed Azrael
 35994 | Elf:1    | Killed Azrael
 36818 | Elf:1    | Got the Almanac of Accompaniment
 38175 | Elf:2    | Reached XP level 18. HP: 99/99 MP: 17/17
 38187 | Elf:2    | Found a runed translucent gate.
 38188 | Elf:2    | Found a runed translucent gate.
 38188 | Elf:2    | Found a runed translucent gate.
 39154 | D:15     | Bought a scroll of enchant weapon for 285 gold pieces
 39159 | D:15     | Bought a potion of curing for 114 gold pieces
 39159 | D:15     | Bought a wand of flame (14) for 372 gold pieces
 39159 | D:15     | Bought 2 potions of curing for 228 gold pieces
 39189 | D:15     | Found a staircase to the Depths.
 39724 | Depths:1 | Entered Level 1 of the Depths
 40247 | Depths:1 | Identified the +2 robe "Noudu" {^Contam Rampage +Inv MP+9}
 40710 | Depths:1 | Found a one-way gate leading to the halls of Pandemonium.
 40736 | Depths:1 | Found a gateway to Hell.
 41635 | Depths:1 | Noticed a lich
 42195 | Depths:1 | Bought a jewelled sling for 221 gold pieces
 42195 | Depths:1 | Identified the +7 sling of the Ten Lives {flame, Will+}
                  | (You bought it in a shop on level 1 of the Depths)
 42198 | Depths:1 | Bought a potion of invisibility for 80 gold pieces
 42198 | Depths:1 | Bought a potion of curing for 30 gold pieces
 42198 | Depths:1 | Bought a potion of curing for 30 gold pieces
 42198 | Depths:1 | Bought a potion of curing for 30 gold pieces
 42200 | Depths:1 | Bought a warped glass ring for 180 gold pieces
 42200 | Depths:1 | Identified the ring "Duniotsu" {AC+4 Dex+6} (You bought it
                  | in a shop on level 1 of the Depths)
 42200 | Depths:1 | Bought a silver wand for 144 gold pieces
 42200 | Depths:1 | Bought a wand of charming (3) for 259 gold pieces
 42200 | Depths:1 | Bought a wand of roots (4) for 345 gold pieces
 42200 | Depths:1 | Bought a scroll of torment for 342 gold pieces
 42932 | Depths:1 | Noticed an ancient lich
 43054 | Depths:1 | Killed an ancient lich
 43055 | Depths:1 | Reached XP level 19. HP: 106/106 MP: 18/18
 43128 | Depths:1 | Identified the +6 orcbow "Bistis" {drain, Will+}
 43135 | Depths:1 | Identified the +6 swamp dragon scales "Cela" {rPois Dex+3}
 43139 | Depths:1 | Identified the +3 falchion "Lietua" {speed, ^Fragile rCorr
                  | Int+2}
 43153 | Depths:1 | Learned a level 2 spell: Blink
 43498 | Depths:1 | Reached skill level 1 in Translocations
 43800 | Depths:2 | Identified the +1 leather armour "Aqu Ine" {Harm Rampage
                  | rF-}
 43800 | Depths:2 | Noticed Nikola
 44279 | Depths:2 | Identified the ring "Osses" {Ice rCorr Str-2 Int+8 Dex-4}
 44279 | Depths:2 | Noticed Josephina
 44907 | Depths:2 | Killed Nikola
 44908 | Depths:2 | Reached skill level 1 in Armour
 44908 | Depths:2 | Reached skill level 1 in Spellcasting
 46005 | Shoals:1 | Identified the -1 tower shield of Hepliaklqana's Hope
                  | {Dex+3}
 46005 | Shoals:1 | Noticed Louise
 46008 | Shoals:1 | Killed Louise
 46013 | Shoals:1 | Noticed Frances
 46026 | Shoals:1 | Killed Frances
 46120 | Shoals:1 | Found a runed translucent gate.
 46120 | Shoals:1 | Found a runed translucent gate.
 46120 | Shoals:1 | Found a runed translucent gate.
 46121 | Shoals:1 | Noticed sangerfol's ghost (adept FoFi)
 46413 | Shoals:1 | Noticed Donald
 46414 | Shoals:1 | Killed Donald
 46793 | Shoals:2 | Noticed Polyphemus
 46795 | Shoals:2 | Killed Polyphemus
 48196 | Shoals:3 | Found a large runed translucent door.
 48196 | Shoals:3 | Found a large runed translucent door.
 48199 | Shoals:3 | Identified the +3 short sword "Janteebo" {pain, Will+
                  | Int+3}
 48203 | Shoals:3 | Noticed benadryl's ghost (journeyman DrAl)
 48633 | Shoals:4 | Entered Level 4 of the Shoals
 48995 | Shoals:4 | Reached XP level 20. HP: 112/112 MP: 21/21
 49010 | Shoals:4 | Paralysed by an air elemental for 1 turns
 49015 | Shoals:4 | Paralysed by an air elemental for 1 turns
 49379 | Depths:3 | Noticed a juggernaut
 49388 | Depths:2 | Lost mutation: You possess an exceptional clarity of mind.
                  | [potion of mutation]
 49388 | Depths:2 | Lost mutation: You are agile. (Dex +4, Str/Int -1) [potion
                  | of mutation]
 49388 | Depths:2 | Gained mutation: You are resistant to electric shocks.
                  | (rElec) [potion of mutation]
 49388 | Depths:2 | Gained mutation: You sometimes lose your temper in combat.
                  | [potion of mutation]
 49388 | Depths:2 | Gained mutation: Your body sometimes deteriorates upon
                  | taking damage. [potion of mutation]
 49388 | Depths:2 | Gained mutation: Your flesh is cold resistant. (rC+)
                  | [potion of mutation]
 50016 | Shoals:3 | Lost mutation: You are resistant to electric shocks.
                  | (rElec) [potion of mutation]
 50016 | Shoals:3 | Lost mutation: Your body sometimes deteriorates upon taking
                  | damage. [potion of mutation]
 50016 | Shoals:3 | Gained mutation: You are agile. (Dex +4, Str/Int -1)
                  | [potion of mutation]
 50016 | Shoals:3 | Gained mutation: You are very agile. (Dex +8, Str/Int -2)
                  | [potion of mutation]
 50017 | Shoals:3 | Lost mutation: Your magical capacity is low. (-10% MP)
                  | [potion of mutation]
 50017 | Shoals:3 | Lost mutation: Your flesh is cold resistant. (rC+) [potion
                  | of mutation]
 50017 | Shoals:3 | Gained mutation: You have hidden genetic defects. [potion
                  | of mutation]
 50017 | Shoals:3 | Gained mutation: Your flesh is cold resistant. (rC+)
                  | [potion of mutation]
 50018 | Shoals:3 | Lost mutation: Your flesh is cold resistant. (rC+) [potion
                  | of mutation]
 50018 | Shoals:3 | Lost mutation: You are very agile. (Dex +8, Str/Int -2)
                  | [potion of mutation]
 50018 | Shoals:3 | Lost mutation: You sometimes lose your temper in combat.
                  | [potion of mutation]
 50018 | Shoals:3 | Gained mutation: Your muscles are strong. (Str +4, Int/Dex
                  | -1) [potion of mutation]
 50018 | Shoals:3 | Gained mutation: You are dopey. (Int -2) [potion of
                  | mutation]
 50077 | Shoals:3 | Lost mutation: Your muscles are strong. (Str +4, Int/Dex
                  | -1) [potion of mutation]
 50077 | Shoals:3 | Lost mutation: You are dopey. (Int -2) [potion of mutation]
 50077 | Shoals:3 | Lost mutation: You are agile. (Dex +4, Str/Int -1) [potion
                  | of mutation]
 50077 | Shoals:3 | Gained mutation: You have large cloven feet. [potion of
                  | mutation]
 50077 | Shoals:3 | Gained mutation: You are weak. (Str -2) [potion of
                  | mutation]
 50078 | Shoals:3 | Lost mutation: You have large cloven feet. [potion of
                  | mutation]
 50078 | Shoals:3 | Lost mutation: You are weak. (Str -2) [potion of mutation]
 50078 | Shoals:3 | Gained mutation: You sometimes lose your temper in combat.
                  | [potion of mutation]
 50078 | Shoals:3 | Gained mutation: You are agile. (Dex +4, Str/Int -1)
                  | [potion of mutation]
 50078 | Shoals:3 | Gained mutation: You expend magic power (3 MP) to
                  | strengthen your wands. [potion of mutation]
 50331 | Shoals:1 | Lost mutation: You are agile. (Dex +4, Str/Int -1) [potion
                  | of mutation]
 50331 | Shoals:1 | Lost mutation: You sometimes lose your temper in combat.
                  | [potion of mutation]
 50331 | Shoals:1 | Lost mutation: You expend magic power (3 MP) to strengthen
                  | your wands. [potion of mutation]
 50331 | Shoals:1 | Gained mutation: Your natural rate of healing is unusually
                  | fast. [potion of mutation]
 50361 | Shoals:1 | Killed sangerfol's ghost
 51459 | Elf:2    | Reached skill level 5 in Armour
 52096 | Shoals:4 | Gained mutation: Armour fits poorly on your strangely
                  | shaped body. [hidden defects]
 52151 | Shoals:4 | Paralysed by an air elemental for 1 turns
 52241 | Shoals:4 | Paralysed by an air elemental for 1 turns
 52492 | Shoals:4 | Reached skill level 15 in Fighting
 52549 | Shoals:4 | Identified the +2 trident of Peril {elec, Str-2 Dex+5}
 52642 | Shoals:4 | Got the Precepts of the Glowing Swarm
 52644 | Shoals:4 | Got a barnacled rune of Zot
 53107 | Spider:4 | Gained mutation: You are occasionally teleported next to
                  | monsters. [hidden defects]
 53107 | Spider:4 | Lost mutation: You have hidden genetic defects. [hidden
                  | defects expressed]
 53837 | Spider:4 | Reached skill level 5 in Translocations
 53970 | Spider:4 | Got the Treatise on Blasts
 54511 | Spider:4 | Got a gossamer rune of Zot
 54617 | Spider:4 | Bought a scroll of enchant weapon for 135 gold pieces
 54620 | Spider:4 | Learned a level 2 spell: Lesser Beckoning
 54889 | Vaults:1 | Entered Level 1 of the Vaults
 55133 | D:13     | Reached XP level 21. HP: 117/117 MP: 25/25
 56897 | Vaults:2 | Found Utyvae's Distillery.
 56900 | Vaults:2 | Bought a potion of heal wounds for 60 gold pieces
 56900 | Vaults:2 | Bought a potion of curing for 36 gold pieces
 56900 | Vaults:2 | Bought a potion of haste for 120 gold pieces
 56900 | Vaults:2 | Bought a potion of curing for 36 gold pieces
 57424 | Vaults:2 | Reached skill level 15 in Evocations
 57727 | Vaults:2 | Found a staircase to the Crypt.
 58025 | Vaults:2 | Lost mutation: Armour fits poorly on your strangely shaped
                  | body. [potion of mutation]
 58025 | Vaults:2 | Lost mutation: Your natural rate of healing is unusually
                  | fast. [potion of mutation]
 58025 | Vaults:2 | Lost mutation: You are occasionally teleported next to
                  | monsters. [potion of mutation]
 58025 | Vaults:2 | Gained mutation: You possess an exceptional clarity of
                  | mind. [potion of mutation]
 58590 | Vaults:3 | Identified the +2 dagger of Distraction {distort, Int+3}
 59258 | Vaults:2 | Reached XP level 22. HP: 122/124 MP: 26/26
 59739 | Vaults:3 | Noticed Mara
 61385 | Vaults:4 | Found a runed translucent door.
 61387 | Vaults:4 | Noticed vegansnacktivist's ghost (adept DDFi)
 62245 | Vaults:4 | Found Iclid's Weapon Shop.
 62328 | Vaults:4 | Noticed Jory
 62333 | Vaults:4 | Killed Jory
 62867 | Vaults:4 | Killed vegansnacktivist's ghost
 62997 | Vaults:5 | Entered Level 5 of the Vaults
 63446 | Slime:1  | Entered Level 1 of the Pits of Slime
 64036 | Depths:3 | Noticed a golden dragon
 64489 | Depths:2 | Killed Josephina
 65292 | Depths:2 | Reached XP level 23. HP: 87/133 MP: 27/27
 65432 | Depths:2 | Found a snail-covered altar of Cheibriados.
 66357 | Depths:3 | Noticed an ancient lich
 66555 | Depths:3 | Found a white marble altar of Elyvilon.
 67675 | Depths:3 | Killed an ancient lich
 68489 | Depths:3 | Found a one-way gate to the infinite horrors of the Abyss.
 69136 | Depths:3 | Noticed Norris
 69155 | Depths:3 | Killed Norris
 69319 | Depths:3 | Found a one-way gateway to a ziggurat.
 69771 | Depths:3 | Killed a juggernaut
 70049 | Depths:3 | Reached skill level 27 in Ranged Weapons
 71165 | Elf:3    | Entered Level 3 of the Elven Halls
 71604 | Elf:3    | Paralysed by an air elemental for 1 turns
 71794 | Elf:3    | Got Migaol's Compilation of Passive Income
 71873 | Elf:3    | Found Xely's Weapon Shoppe.
 71879 | Elf:3    | Found Jauclet's Jewellery Shoppe.
 72996 | Elf:3    | Identified the +3 leather armour of Nemelex Xobeh's Hope
                  | {Int+4 Stlth+}
 73484 | Elf:3    | Identified the +6 whip "Beocakka" {holy, Stlth+}
 73595 | Elf:3    | Got the Catalogue of Debased Rites and Heat
 73597 | Elf:3    | Identified the +5 shortbow "Grim Tooth" {freeze, rElec}
 73605 | Elf:3    | Got the Directory of the Winter
 73607 | Elf:3    | Got Xicistel's Essays on the Moving Dead
 73610 | Elf:3    | Identified the staff of Havoc {rF+ Int+3 Summ Fire}
 73631 | Elf:3    | Got the Quarto of Generative Fascination
 73639 | Elf:3    | Identified the +1 short sword "Fauts" {pain, Fly rC++
                  | Will++}
 73647 | Elf:3    | Identified the +3 scale mail of Pange {rF+ Str+3 SInv}
 73657 | Elf:3    | Learned a level 2 spell: Ensorcelled Hibernation
 74280 | Hell     | Entered the Vestibule of Hell
 74488 | Crypt:1  | Entered Level 1 of the Crypt
 74599 | Crypt:1  | Reached XP level 24. HP: 140/140 MP: 27/27
 77448 | Crypt:3  | Entered Level 3 of the Crypt
 77452 | Crypt:3  | Found a huge runed translucent gate.
 77452 | Crypt:3  | Found a huge runed translucent gate.
 77452 | Crypt:3  | Found a huge runed translucent gate.
 77452 | Crypt:3  | Found a huge runed translucent gate.
 77453 | Crypt:3  | Found a huge runed translucent gate.
 77453 | Crypt:3  | Found a huge runed translucent gate.
 77674 | Crypt:3  | Found a huge runed translucent gate.
 77674 | Crypt:3  | Found a huge runed translucent gate.
 78030 | Crypt:3  | Found a huge runed translucent gate.
 78030 | Crypt:3  | Found a huge runed translucent gate.
 78030 | Crypt:3  | Found a huge runed translucent gate.
 78030 | Crypt:3  | Found a huge runed translucent gate.
 78030 | Crypt:3  | Found a huge runed translucent gate.
 78030 | Crypt:3  | Found a huge runed translucent gate.
 78031 | Crypt:3  | Found a huge runed translucent gate.
 78031 | Crypt:3  | Found a staircase to the Tomb.
 78032 | Crypt:3  | Found a huge runed translucent gate.
 78032 | Crypt:3  | Found a huge runed translucent gate.
 78037 | Crypt:3  | Found a huge runed translucent gate.
 78038 | Crypt:3  | Found a huge runed translucent gate.
 78038 | Crypt:3  | Found a huge runed translucent gate.
 78041 | Crypt:3  | Found a huge runed translucent gate.
 78043 | Crypt:3  | Found a huge runed translucent gate.
 78044 | Crypt:3  | Found a huge runed translucent gate.
 78045 | Crypt:3  | Found a huge runed translucent gate.
 78045 | Crypt:3  | Found a huge runed translucent gate.
 78057 | Crypt:3  | Found a huge runed translucent gate.
 78058 | Crypt:3  | Found a huge runed translucent gate.
 78058 | Crypt:3  | Found a huge runed translucent gate.
 78058 | Crypt:3  | Found a huge runed translucent gate.
 78058 | Crypt:3  | Found a huge runed translucent gate.
 78062 | Crypt:3  | Found a huge runed translucent gate.
 78063 | Crypt:3  | Found a huge runed translucent gate.
 78064 | Crypt:3  | Found a huge runed translucent gate.
 78064 | Crypt:3  | Found a huge runed translucent gate.
 78066 | Crypt:3  | Found a huge runed translucent gate.
 78070 | Crypt:3  | Found a huge runed translucent gate.
 79020 | Crypt:3  | Reached skill level 27 in Dodging
 79950 | Crypt:3  | Noticed an ancient lich
 79950 | Crypt:3  | Noticed a dread lich
 79950 | Crypt:3  | Noticed an ancient lich
 80028 | Crypt:2  | Found a basalt altar of Yredelemnul.
 80113 | Crypt:3  | Got Nohimm's Commentary on Glamour
 80215 | Crypt:3  | Killed an ancient lich
 80705 | Depths:4 | Entered Level 4 of the Depths
 81145 | Depths:4 | Identified the +0 robe of Existentialism {rPois rC- Int+5}
 81260 | Depths:4 | Found Pidamoix's Armour Boutique.
 82460 | Depths:4 | Found a runed translucent door.
 82469 | Depths:4 | Reached XP level 25. HP: 150/150 MP: 27/27
 82474 | Depths:4 | Found a runed translucent door.
 82569 | Depths:4 | Found a runed translucent door.
 82569 | Depths:4 | Found a runed translucent door.
 82676 | Depths:4 | Found a runed translucent door.
 82683 | Depths:4 | Found a runed translucent door.
 82729 | Depths:4 | Found a gate to the Realm of Zot.
 83657 | Slime:3  | Gained mutation: You are clumsy. (Dex -2) [a shining eye]
 84446 | Slime:2  | Gained mutation: You are very clumsy. (Dex -4) [a shining
                  | eye]
 84450 | Slime:2  | Gained mutation: You occasionally lose the ability to read
                  | scrolls when taking damage. [a shining eye]
 84453 | Slime:2  | Lost mutation: You occasionally lose the ability to read
                  | scrolls when taking damage. [potion of mutation]
 84453 | Slime:2  | Lost mutation: You possess an exceptional clarity of mind.
                  | [potion of mutation]
 84453 | Slime:2  | Lost mutation: You are very clumsy. (Dex -4) [potion of
                  | mutation]
 84453 | Slime:2  | Gained mutation: You have sharp toenails. [potion of
                  | mutation]
 85793 | Slime:5  | Entered Level 5 of the Pits of Slime
 86052 | Slime:5  | Found a viscous altar of Jiyva.
 86069 | Slime:5  | Noticed the Royal Jelly
 86838 | Slime:4  | Gained mutation: You are vulnerable to heat. (rF-)
                  | [mutagenic glow]
 87844 | Crypt:3  | Noticed a dread lich
 87844 | Crypt:3  | Noticed an ancient lich
 88968 | Vaults:5 | Noticed an ancient lich
 89304 | Vaults:4 | Killed an ancient lich
 89321 | Vaults:5 | Noticed a dread lich
 89322 | Vaults:5 | Noticed an ancient lich
 89492 | Vaults:4 | Killed a dread lich
 89740 | Vaults:4 | Killed an ancient lich
 90392 | Vaults:5 | Identified the ring "Caros" {rC+ Dex+6 Slay+3}
 90841 | Vaults:5 | Identified the +8 morningstar of Gyka {freeze, rC+++ rN+
                  | Int-3 Stlth-}
 90843 | Vaults:5 | Noticed a dread lich
 91219 | Vaults:5 | Noticed a dread lich
 91243 | Vaults:5 | Killed a dread lich
 91517 | Vaults:5 | Reached XP level 26. HP: 122/160 MP: 27/27
 91637 | Vaults:5 | Noticed an ancient lich
 91643 | Vaults:5 | Killed an ancient lich
 92281 | Vaults:5 | Killed a dread lich
 92383 | Vaults:5 | Identified the +0 spear "Beocopaqod" {protect, rPois Str-3
                  | Int+9 Stlth-}
 92523 | Vaults:5 | Got the Writings on the Adder
 92525 | Vaults:5 | Found the +1 cloak of Starlight {*Dazzle EV+4 Stlth--}
 92569 | Vaults:5 | Got a silver rune of Zot
 92743 | Vaults:5 | Identified the +8 battleaxe "Raroo" {elec, ^Fragile rElec
                  | Str+4}
 92941 | Vaults:5 | Lost mutation: You are vulnerable to heat. (rF-) [potion of
                  | mutation]
 92941 | Vaults:5 | Lost mutation: You are clumsy. (Dex -2) [potion of
                  | mutation]
 92941 | Vaults:5 | Gained mutation: You are weak. (Str -2) [potion of
                  | mutation]
 92941 | Vaults:5 | Gained mutation: You have a pair of small horns on your
                  | head. [potion of mutation]
 92941 | Vaults:5 | Gained mutation: You have razor-sharp toenails. [potion of
                  | mutation]
 93797 | Crypt:3  | Noticed an ancient lich
 93813 | Crypt:2  | Killed an ancient lich
 94019 | Crypt:3  | Killed a dread lich
 94032 | Crypt:3  | Killed a dread lich
 94409 | Spider:1 | Killed Vuykkinei's ghost
 94796 | D:1      | Bought a scroll of fog for 128 gold pieces
 94796 | D:1      | Bought a potion of heal wounds for 160 gold pieces
 94796 | D:1      | Bought a tin of tremorstones (2/2) for 1280 gold pieces
 95042 | Orc:2    | Bought a scroll of teleportation for 102 gold pieces
 95456 | Spider:2 | Killed Roxanne
 95717 | D:5      | Bought a potion of curing for 42 gold pieces
 95717 | D:5      | Bought a potion of curing for 42 gold pieces
 95717 | D:5      | Bought a potion of invisibility for 112 gold pieces
 95717 | D:5      | Bought a potion of curing for 42 gold pieces
 95928 | Hell     | Noticed Geryon
 96193 | Tomb:1   | Entered Level 1 of the Tomb of the Ancients
 96549 | Tomb:1   | Noticed a royal mummy
 97032 | Tomb:1   | Noticed a royal mummy
 97032 | Tomb:1   | Noticed a royal mummy
 97032 | Tomb:1   | Noticed a royal mummy
 97034 | Tomb:1   | Noticed a royal mummy
 97034 | Tomb:1   | Noticed a royal mummy
 97034 | Tomb:1   | Noticed a royal mummy
 98086 | Hell     | Gained mutation: You occasionally lose the ability to drink
                  | potions when taking damage. [a cacodemon]
 98528 | Hell     | Gained mutation: You are frail. (-10% HP) [a cacodemon]
 99951 | Tomb:1   | Killed a royal mummy
 99992 | Tomb:1   | Noticed a royal mummy
100014 | Tomb:1   | Killed a royal mummy
101112 | Slime:5  | Killed the Royal Jelly
101335 | Slime:5  | Got the Information on Kindling and the Mortuary
101357 | Slime:5  | Identified the staff of the Abyss {rPois rF++ rC+ Int-4 Ice
                  | Alchemy}
101366 | Slime:5  | Identified the staff "Deishytu" {rF- Str+4 Dex+3 Conj Summ}
101400 | Slime:5  | Got the Almanac of Adjuration
101405 | Slime:5  | Identified the +7 morningstar of Zoniagoeca {heavy, rElec}
101428 | Slime:5  | Got a slimy rune of Zot
101429 | Slime:5  | Identified the +4 long sword "Quahekeh" {freeze, Str+4}
101754 | Shoals:3 | Killed benadryl's ghost
101776 | Shoals:3 | Identified the staff of the Pits of Slime {rElec rN+ Int+3
                  | Necro}
103241 | Hell     | Found a gateway to the decaying netherworld of Tartarus.
103295 | Hell     | Found a gateway to the ashen valley of Gehenna.
103339 | Hell     | Killed Geryon
103503 | Hell     | Found a gateway to the Iron City of Dis.
103694 | Hell     | Reached XP level 27. HP: 149/152 MP: 27/27
103759 | Hell     | Found a gateway to the freezing wastes of Cocytus.
104172 | Zot:1    | Entered Level 1 of the Realm of Zot
104737 | Zot:1    | Bought a potion of invisibility for 304 gold pieces
104737 | Zot:1    | Bought a scroll of fear for 152 gold pieces
104737 | Zot:1    | Bought a scroll of teleportation for 114 gold pieces
105018 | Zot:1    | Bought a scroll of blinking for 142 gold pieces
105018 | Zot:1    | Bought a scroll of fear for 76 gold pieces
105018 | Zot:1    | Bought a scroll of fear for 76 gold pieces
106082 | Zot:2    | Noticed an orb of fire
106084 | Zot:2    | Gained mutation: Your mind is acute. (Int +4, Str/Dex -1)
                  | [an orb of fire]
106096 | Zot:2    | Gained mutation: You are vulnerable to cold. (rC-) [an orb
                  | of fire]
106101 | Zot:2    | Gained mutation: Your body sometimes deteriorates upon
                  | taking damage. [an orb of fire]
106105 | Zot:2    | HP: 6/229 [orb of fire/fireball (51)]
106107 | Zot:2    | Killed from afar by an orb of fire

Illustrated notes

Levels and vault maps discovered:
D:1:      minmay_arrival_arboretum_large, layout_loops_ring, serial_shops,
          nicolae_shop_dealshenge, nicolae_shop_bloodbath_and_beyond,
          nicolae_shop_tiny_real_fake_doors,
          nicolae_shop_temple_entry_statues_fountains,
          nicolae_shop_hallway_stairs, corexii_item_surrounded_by_moat
D:2:      layout_loops_ring, basic_altar, corexii_corridor_pit
D:3:      layout_rooms, hellmonk_ecumenical_altar_dog_temple
D:4:      minmay_polygon_palace, layout_cave_pools,
          mainiacjoe_overflow_six_doors_small, nicolae_overflow_crystal_walls
D:5:      layout_loops_cross, serial_shops, shop_fountains,
          portal_sewer_entry_b, roderic_roman_lattice,
          minmay_misc_feat_secret_circle
D:6:      layout_cave_pools, grunt_dithmenos_smoke_and_mirrors, okawaru_trees_2,
          minmay_temple_entry_drinking_statues, uniq_menkaure,
          uniq_crazy_yiuf_cottage, uniq_duvessa
D:7:      layout_rooms, mainiacjoe_overflow_tiny_flanked, uniq_pikel,
          uniq_prince_ribbit1
D:8:      layout_gridville, cheibrodos_ashenzari_chains, lemuel_crystal_altar,
          serial_shops, shop, kennysheep_small_square
D:9:      layout_rooms, uniq_harold
D:10:     layout_irregular_city, yredelemnul_forgotten_temple_becter
D:11:     minmay_the_grid_triangle_9x9_recursive_3
          [minmay_the_grid_triangle_9x9_corrupted_corridor,
          minmay_the_grid_triangle_9x9_zippers_horizontal,
          minmay_the_grid_triangle_9x9_shrine,
          minmay_the_grid_triangle_9x9_prize_schism,
          minmay_the_grid_triangle_9x9_flanged_cone,
          minmay_the_grid_triangle_9x9_checkered,
          minmay_the_grid_triangle_9x9_from_above,
          minmay_the_grid_triangle_9x9_steps,
          minmay_the_grid_triangle_9x9_intruding_spiral], layout_loops_ring,
          serial_aquarium, aquarium_bridge_island_large
          [aquarium_subvault_large_water, aquarium_subvault_wall,
          aquarium_subvault_bridge, aquarium_subvault_balcony,
          aquarium_subvault_wall], aquarium_bridge_square
          [aquarium_subvault_bridge, aquarium_subvault_bridge,
          aquarium_subvault_bridge, aquarium_subvault_wall], aquarium_window_1,
          aquarium_window_fake, aquarium_view_2f, aquarium_pool_corner,
          blue_anna_alchemist, nicolae_ru_great_annihilating_truth
D:12:     layout_irregular_city
D:13:     layout_rooms, erik_vaults_2, minmay_sticks_and_stones
D:14:     minmay_outward_triangles, layout_irregular_city,
          chequers_serial_rivers_large_a, serial_shops,
          nicolae_shop_hallway_plus
D:15:     hellmonk_depths_entry_around_the_bend, layout_gridville,
          hangedman_abyss_or_decor_stagger, serial_shops, shop
Temple:   nicolae_temple_great_sept
Lair:1:   layout_chaotic_city, basic_altar, hangedman_lair_generics_rect
Lair:2:   layout_roguey, nicolae_shoals_entry_roost, grunt_megastairs_5,
          lemuel_fruit_tree
Lair:3:   layout_loops_ring, dummy_spider_entry, lemuel_oklob_altar,
          grunt_megastairs_1
Lair:4:   minmay_lair_oklob_chamber, layout_long_grid,
          ebering_ghost_rock_garden, basic_altar, columned_hall_lemuel,
          lemuel_fruit_fields
Lair:5:   wormcave, layout_regular_city, hangedman_lair_tendril_chambers,
          slime_entry_1, fungi_pond_lemuel
Shoals:1: layout_shoals, gammafunk_ghost_necromancy, uniq_louise, uniq_donald,
          uniq_frances
Shoals:2: layout_shoals, uniq_polyphemus
Shoals:3: nicolae_shoals_aurelia_aurita, layout_shoals,
          ebering_ghost_disaster_area
Shoals:4: shoals_end_hellmonk_storm_palace [storm_palace_center_circular,
          storm_palace_corner_blocked, storm_palace_corner_narrow,
          storm_palace_corner_reverse_hut, storm_palace_corner_reverse_hut],
          serial_shops
Spider:1: layout_spider_delve, hellmonk_ghost_happy_afterlife, uniq_jorgrun,
          uniq_kirke
Spider:2: nicolae_spider_hilbert_zone_1 [nicolae_spider_hilbert_4_sides_1_open,
          nicolae_spider_hilbert_4_sides_1_open,
          nicolae_spider_hilbert_4_sides_1_open,
          nicolae_spider_hilbert_4_sides_1_open,
          nicolae_spider_hilbert_3_sides_1_open,
          nicolae_spider_hilbert_3_sides_1_open,
          nicolae_spider_hilbert_3_sides_1_open,
          nicolae_spider_hilbert_3_sides_1_open,
          nicolae_spider_hilbert_3_sides_1_open,
          nicolae_spider_hilbert_6_sides_1_open,
          nicolae_spider_hilbert_6_sides_1_open,
          nicolae_spider_hilbert_3_sides_1_open,
          nicolae_spider_hilbert_3_sides_1_open,
          nicolae_spider_hilbert_3_sides_1_open,
          nicolae_spider_hilbert_3_sides_1_open,
          nicolae_spider_hilbert_2_sides_1_open], uniq_roxanne
Spider:3: layout_spider_delve, uniq_aizul
Spider:4: floodkiller_spider_rune_tomb, portal_ice_cave_entry_pillars_2
Slime:1:  layout_caves
Slime:2:  layout_caves
Slime:3:  layout_caves
Slime:4:  layout_caves, cheibrodos_slime_lost_civilization_4
Slime:5:  slime_pit
Orc:1:    layout_diamond_mine, serial_shops, shop, nicolae_shop_gibbet_a_chance,
          shop
Orc:2:    st_orc_town, layout_caves
Elf:1:    minmay_elf_arrival_circle, layout_geoelf_octagon, minmay_elf_sorcery,
          uniq_azrael
Elf:2:    nicolae_elf_blades_crystal_corner, layout_geoelf_grid
Elf:3:    elf_hall, layout_geoelf_grid, hellmonk_elf_help, minmay_shop_star
Vaults:1: vaults_standard_mumra_enter_the_diamond,
          nicolae_vaults_offset_grid_hallway_2, nicolae_vaults_back_hallway,
          v_misc_11, special_room_vaults [special_room_orc],
          nicolae_vaults_closet_pinwheel_1, nicolae_vaults_tetromino_Z_1,
          v_misc_31, hangedman_vaults_nails, hangedman_vaults_trim,
          nicolae_vaults_trapezoid_layered, nicolae_vaults_little_squares_4,
          layout_vaults_maze_snakey
Vaults:2: v_misc_22, minmay_crypt_entry_simple_plaza, nicolae_vaults_house_2,
          nicolae_vaults_offset_grid_hallway_1, nicolae_vaults_meiosis,
          nicolae_vaults_doubleplus_tesselated, nicolae_vaults_what_the_h,
          nicolae_vaults_oval_intersection, hangedman_vaults_trim,
          nicolae_vaults_shrinking_rooms_2, v_misc_5, layout_vaults_omnibox,
          serial_shops, nicolae_shop_real_fake_doors
Vaults:3: vaults_room_fours, nicolae_vaults_double_plus_1, hangedman_vaults_hat,
          v_misc_19, v_rooms_2, nicolae_vaults_door_testing_chamber,
          grunt_vaults_funnel, nicolae_vaults_prndl, ontoclasm_vaults_eye,
          nicolae_vaults_diamond_2, v_misc_15, vaults_dpeg_ring,
          nicolae_vaults_quartermaster, nicolae_vaults_trapezoid_3,
          layout_vaults_ring, uniq_mara
Vaults:4: ebering_ghost_reflecting_pool, nicolae_vaults_big_ls,
          hangedman_vaults_stagger, grunt_vaults_swirl, v_pattern_3,
          hangedman_vaults_restitches, nicolae_vaults_house_2,
          nicolae_vaults_closet_pinwheel_5, nicolae_vaults_storage_room_statues,
          layout_vaults_omnigrid, serial_shops, nicolae_shop_tiny_waterfront,
          uniq_jory
Vaults:5
Crypt:1:  layout_chaotic_city, serial_sigils_hangedman_confine
Crypt:2:  layout_gridlike, lemuel_elevator, lemuel_upstairs_altar
Crypt:3:  due_elkab, layout_chaotic_city, door_vault
Tomb:1
Depths:1: cheibrodos_cascadia, layout_cave_pools, rand_demon_pan_entry_3,
          hell_entry, minmay_misc_feat_roman, kb_rosetta
Depths:2: pf_snail_temple, layout_honeycomb, pan_entry, pf_hell_entry_tar_river,
          uniq_nikola, uniq_josephina
Depths:3: grunt_deathspiral_large, layout_cave_pools, enter_ziggurat_a,
          nicolae_abyss_entry_one_way_or_another,
          nicolae_elyvilon_peaceful_grove, hell_entry, evilmike_ambush
          [evilmike_ambush_outer_corners, evilmike_ambush_inner_pond],
          uniq_norris
Depths:4: evilmike_zot_entry_castle, layout_gridlike, grunt_hell_horde,
          serial_bayou_lagoon_a, minmay_hedge_maze,
          serial_sigils_hangedman_scratch, nicolae_inconvenience_store
Hell
Zot:1:    layout_onion_interference, regret_index_zotdec_banners
Zot:2:    layout_cathedral_of_symmetry, regret_index_zotdec_serpentine_scales

Skill      XL: |  1  2  3  4  5  6  7  8  9 10 11 12 13 14 15 16 17 18 19 20 21 22 23 24 25 26 |
---------------+-------------------------------------------------------------------------------+-----
Dodging        | 3 4 5 7 9 11 13 14 15 16 17 18 20 21 22 23 24 25 26 27 | 27.0
Stealth        | 2 3 4 6 7 8 10 12 13 14 | 14.2
Ranged Weapons | 5 6 7 9 11 13 15 16 17 18 19 21 22 23 24 25 26 27 | 27.0
Short Blades   | 1 3 5 6 |  6.5
Fighting       | 2 4 5 7 8 9 11 12 14 15 16 17 19 21 23 25 | 25.6
Evocations     | 3 5 8 10 11 12 13 14 15 16 19 22 | 22.9
Translocations | 3 6 |  6.0
Armour         | 4 5 |  5.2
Spellcasting   | 2 |  2.0

Action                     |  1- 3 |  4- 6 |  7- 9 | 10-12 | 13-15 | 16-18 | 19-21 | 22-24 | 25-27 || total
---------------------------+-------+-------+-------+-------+-------+-------+-------+-------+-------++-------
  Melee: Dagger            |    19 |    28 |    12 |     1 |    36 |    28 |    51 |    41 |       ||   216
         Punch             |     1 |       |       |       |       |       |       |       |       ||     1
   Fire: Shortbow          |   119 |   187 |    62 |       |       |       |       |       |       ||   368
         Arbalest          |       |       |   150 |   576 |  1115 |  1380 |  1297 |  1501 |  1267 ||  7286
         Sling             |       |       |       |       |       |     6 |       |       |       ||     6
   Cast: Blink             |       |       |       |       |       |       |       |     6 |     3 ||     9
 Invoke: Call Merchant     |       |       |       |       |     2 |     4 |     1 |     1 |     2 ||    10
         Potion Petition   |       |       |       |       |       |     1 |     3 |    11 |    10 ||    25
Ability: Evoke Invisibilit |       |       |       |       |       |       |     4 |     5 |       ||     9
  Evoke: Wand              |       |       |       |       |     9 |    26 |    27 |    50 |     6 ||   118
         Lightning rod     |       |       |       |       |     5 |    18 |    22 |    25 |     4 ||    74
         Phantom mirror    |       |       |       |       |     1 |     3 |     5 |     6 |     4 ||    19
         Sack of spiders   |       |       |       |       |       |     4 |     5 |     7 |     5 ||    21
         Phial of floods   |       |       |       |       |       |     2 |       |       |       ||     2
         Tin of tremorston |       |       |       |       |       |       |       |       |     2 ||     2
    Use: Scroll            |     1 |     6 |     7 |     4 |    16 |     8 |     9 |    23 |    20 ||    94
         Potion            |       |       |       |     3 |     9 |    15 |    11 |     9 |     7 ||    54
   Stab: Sleeping          |     8 |     8 |     8 |     1 |    18 |    10 |    27 |    28 |       ||   108
         Invisible         |       |       |       |       |       |       |     1 |       |       ||     1
 Armour: Robe              |    12 |    27 |    18 |    38 |    86 |   120 |   133 |   186 |   159 ||   779
         Skin              |       |       |       |       |       |     2 |       |       |     4 ||     6
         Swamp dragon scal |       |       |       |       |       |       |     7 |       |       ||     7
  Dodge: Dodged            |    70 |    97 |    89 |   199 |   573 |   667 |   899 |  1017 |  1149 ||  4760
         Repelled          |       |       |       |       |       |       |     5 |    10 |    12 ||    27
  Block: Other             |       |       |       |       |       |    46 |   117 |   125 |   114 ||   402
         Reflection        |       |       |       |       |       |     9 |    11 |     5 |    10 ||    35
